AoeStats
← Pororoca

Arabia

508055216Analyzed
3v3 RM · 12d ago on Sep 20, 2026· 22m 44s· 6 players
Game mode
Random Map
Map size
Normal (6 player)
Population
200
Speed
Normal
Resources
Standard
Victory
Conquest
Starting age
Dark Age
Ending age
Imperial Age
RankedLock teamsTeams togetherTeam positionsShared explorationLock speedFull tech treeHidden civsTurbo modeCheats
Victory
Defeat
🇭🇺 Khmer · Hungary
1415
+13
🇬🇧 Slavs · United Kingdom
1348
+15
🇭🇺 Dravidians · Hungary
1347
+15
🇲🇽 Maya · Mexico
1368
-15
🇦🇷 Berbers · Argentina
1339
-15
🇩🇪 Ethiopians · Germany
1299
-13
victorH
0:29 Loom
10:25 Feudal Age
Pororoca
6:23 Loom
9:16 Feudal Age
12:19 Double-Bit Axe
15:38 Fletching
23:41 Castle Age
22:14 Scale Barding Armor
22:19 Forging
ChrisHenry
6:36 Loom
9:24 Feudal Age
10:13 Double-Bit Axe
12:24 Fletching
15:30 Horse Collar
17:48 Padded Archer Armor
aaa
7:11 Loom
9:14 Feudal Age
10:11 Double-Bit Axe
17:29 Fletching
20:38 Castle Age
18:59 Gold Mining
19:20 Padded Archer Armor
19:29 Horse Collar
21:10 Elite Skirmisher
22:04 Bow Saw
doktormakkos
4:38 Loom
7:26 Loom
9:34 Feudal Age
10:36 Double-Bit Axe
14:20 Fletching
22:30 Castle Age
22:29 Horse Collar
22:42 Gold Mining
22:34 Crossbowman
Hrafn_the_Berzerker
6:15 Loom
9:07 Feudal Age
9:45 Double-Bit Axe
9:53 Horse Collar
17:17 Scale Barding Armor
18:40 Wheelbarrow
22:05 Castle Age
20:42 Gold Mining
21:20 Bloodlines
22:14 Forging
22:49 Husbandry
23:11 Chain Barding Armor
Connection lost

Rejoining the realm…

Still unreachable

The connection could not be restored.

Session expired

The server has moved on; the page needs a fresh start.